 Dungeon Crawl Stone Soup version 0.32-a0-39-g5c88369fb2 (webtiles) character file.

Game seed: 6877777170644211351

23949 bestjelly the Executioner (level 12, 0/90 HPs)
             Began as a Minotaur Berserker on Jan 28, 2024.
             Was an Elder of Trog.
             Succumbed to a black mamba's poison
             ... on level 1 of the Lair of Beasts.
             The game lasted 00:47:08 (16329 turns).

bestjelly the Executioner (Minotaur Berserker)     Turns: 16329, Time: 00:47:08

Health: 0/90       AC: 12    Str: 28    XL:     12   Next: 76%
Magic:  11/11      EV:  9    Int: 10    God:    Trog [****..]
Gold:   677        SH:  0    Dex:  9    Spells: 11/11 levels left

rFire   . . .        L - +2 war axe (heavy)
rCold   . . .        (no shield)
rNeg    . . .        F - +3 chain mail {Will+}
rPois   .            (helmet restricted)
rElec   .            A - scarf {shadows}
rCorr   .            J - +0 pair of gloves
SInv    .            (no boots)
Will    +....        (no amulet) Stlth
                     d - +6 ring of intelligence
HPRegen 0.35/turn    (no ring)
MPRegen 0.12/turn

%: no passive effects
@: lethally poisoned (0 -> -33)
A: horns 2, retaliatory headbutt
a: Renounce Religion, Berserk, Trog's Hand, Brothers in Arms


You were on level 1 of the Lair of Beasts.
You worshipped Trog.
Trog was greatly pleased with you.
You visited 2 branches of the dungeon, and saw 13 of its levels.
You also visited: Bailey.

You collected 915 gold pieces.
You spent 238 gold pieces at shops.

Inventory:

Hand Weapons
 a - a +0 hand axe
 i - a +1 heavy scythe
 C - a +0 war axe
 D - a +4 quarterstaff of chaos
 G - a +0 broad axe
 L - a +2 heavy war axe (weapon)
Missiles
 f - a throwing net
 H - 8 datura-tipped darts (quivered)
Armour
 b - a +0 animal skin
 h - a +0 chain mail
 t - a +0 chain mail
 u - a +0 plate armour
 A - a scarf of shadows (worn)
 E - a +2 chain mail of cold resistance
 F - a +3 chain mail of willpower (worn)
 J - a +0 pair of gloves (worn)
 T - the +0 chain mail of Nemelex Xobeh's Pride {rElec rC+}
   (You found it on level 11 of the Dungeon)

   rC+:       It protects you from cold.
   rElec:     It insulates you from electricity.
Jewellery
 d - a +6 ring of intelligence (left hand)
 x - an amulet of faith
Wands
 p - a wand of charming (19)
 r - a wand of iceblast (14)
 K - a wand of flame (15)
Scrolls
 c - 5 scrolls of teleportation
 g - a scroll of blinking {unknown}
 m - 5 scrolls of poison
 o - 3 scrolls of enchant weapon
 y - 3 scrolls of fear {unknown}
 B - 2 scrolls of silence {unknown}
 M - a scroll of amnesia {unknown}
 N - a scroll of acquirement {unknown}
 P - a scroll of noise {unknown}
 Q - a scroll of enchant armour {unknown}
 R - a scroll of vulnerability
 S - 3 scrolls of identify
 U - a scroll of revelation {unknown}
Potions
 e - 3 potions of enlightenment
 j - 2 potions of haste
 k - a potion of mutation {unknown}
 l - 2 potions of might
 n - 4 potions of attraction
 q - 5 potions of lignification
 s - a potion of ambrosia {unknown}
 v - 3 potions of resistance
 w - a potion of brilliance {unknown}
 I - 2 potions of degeneration
 O - a potion of magic {unknown}


   Skills:
 - Level 3.6 Fighting
 + Level 24.5 Axes
 - Level 2.4 Armour
 - Level 2.1 Dodging


You had 11 spell levels left.
You didn't know any spells.
Your spell library was empty.

Dungeon Overview and Level Annotations

Branches:
Dungeon (12/15)            Temple (0/1) D:7            Lair (1/5) D:10
    Orc (0/2) D:10         Bailey (visited)

Altars:
Ashenzari
Cheibriados
Dithmenos
Makhleb
Nemelex Xobeh
Sif Muna
Uskayaw
Vehumet
The Shining One

Shops:
D:6 *   D:10 ?

Annotations:
D:5 1 runed translucent door, lis82's ghost, novice DgIE
D:11 1 runed translucent door, NigelTetley's ghost, journeyman FeSh


Innate Abilities, Weirdness & Mutations

You have a pair of horns on your head.
You reflexively headbutt those who attack you in melee.


Message History

The black mamba closely misses you.
You slash the black mamba! You headbutt the black mamba.
The black mamba is moderately wounded.
The black mamba bites you!
You are poisoned.
The black mamba poisons you! The black mamba bites you.
You are more poisoned.
The black mamba poisons you!
You hit the black mamba.
The black mamba is moderately wounded.
You feel extremely sick.
The black mamba bites you but does no damage.
The black mamba barely misses you.
You closely miss the black mamba.
The black mamba is moderately wounded.
You feel extremely sick.
The black mamba bites you but does no damage. x2
You barely miss the black mamba.
The black mamba is moderately wounded.
You feel very sick. The black mamba bites you!
The black mamba closely misses you.
You barely miss the black mamba. Your headbutt misses the black mamba.
The black mamba is moderately wounded.
You feel very sick.
The black mamba bites you but does no damage. x2
You barely miss the black mamba. Your headbutt misses the black mamba.
The black mamba is moderately wounded.
You feel very sick. The black mamba bites you!
* * * LOW HITPOINT WARNING * * *
You closely miss the black mamba.
The black mamba is moderately wounded.
You feel very sick. The black mamba bites you!
* * * LOW HITPOINT WARNING * * *
You are more poisoned.
The black mamba poisons you! The black mamba barely misses you.
You closely miss the black mamba.
The black mamba is moderately wounded.
You die...

#......#
#######......#
.............#
#P#####......#
##......#
#.......#
####.#.##
###...#
#.@..## #+S###
.... #.....
+......
#.......
#........


You could see a black mamba.

Vanquished Creatures
  2 boulder beetles (D:11)
  2 two-headed ogres
  Pikel (D:5)
  An ugly thing (D:12)
  2 cane toads (Lair:1)
  A gargoyle (D:12)
  10 centaur zombies (D:12)
  A torpor snail (Lair:1)
  An unseen horror (D:12)
  3 komodo dragons
  2 kobold demonologists (D:10)
  4 trolls
  A meliai zombie (D:12)
  Prince Ribbit (D:7)
  6 slime creatures (D:12)
  Sigmund (D:2)
  3 shadows (D:12)
  2 vampires (D:12)
  A basilisk (D:7)
  30 yaks
  2 wyverns
  3 wraiths (D:12)
  3 steam dragons
  7 vampire mosquitoes
  5 acid dragons
  3 water moccasins (Lair:1)
  Duvessa (D:6)
  3 orc warriors
  2 ice beasts
  4 sky beasts
  An ogre (D:6)
  A black bear (D:6)
  2 centaurs
  4 lemures
  A phantom (D:4)
  5 kobold brigands
  4 bullfrogs
  A gnoll sergeant (D:8)
  A scorpion (D:6)
  9 wights
  Dowan (D:6)
  16 killer bees
  A howler monkey (D:6)
  A bombardier beetle (D:9)
  2 hounds
  2 jellies (D:6)
  6 orc priests
  Crazy Yiuf (D:6)
  Jessica (D:2)
  Natasha (twice) (D:2)
  6 orc wizards
  6 iguanas
  Robin (D:4)
  9 gnolls
  10 adders
  A shadow imp (D:6)
  2 white imps
  2 ufetubi (D:7)
  2 dart slugs (D:1)
  2 ribbon worms (D:2)
  27 orcs
  11 bats
  7 endoplasms
  4 giant cockroaches
  13 hobgoblins
  4 jackals (D:1)
  26 kobolds
  3 quokkas (D:3)
  5 ball pythons
  9 frilled lizards
  14 goblins
  3 rats
337 creatures vanquished.

Vanquished Creatures (collateral kills)
  A vampire mosquito (D:10)
1 creature vanquished.

Grand Total: 338 creatures vanquished

Notes
Turn   | Place    | Note
-------+----------+-------------------------------------------
     0 | D:1      | bestjelly the Minotaur Berserker began the quest for the
                  | Orb.
     0 | D:1      | Reached XP level 1. HP: 19/19 MP: 0/0
    30 | D:1      | Reached skill level 4 in Axes
    38 | D:1      | Reached XP level 2. HP: 12/26 MP: 1/1
   618 | D:2      | Noticed Sigmund
   626 | D:2      | Reached skill level 5 in Axes
   626 | D:2      | Reached XP level 3. HP: 31/31 MP: 2/2
   633 | D:2      | Killed Sigmund
   634 | D:2      | Reached skill level 7 in Axes
   634 | D:2      | Reached XP level 4. HP: 39/39 MP: 3/3
   634 | D:2      | Reached XP level 5. HP: 45/45 MP: 4/4
   717 | D:2      | Noticed Natasha
   722 | D:2      | Killed Natasha
   775 | D:2      | Found a faded altar of an unknown god.
   986 | D:2      | Noticed Jessica
   988 | D:2      | Reached skill level 8 in Axes
   989 | D:2      | Killed Jessica
   990 | D:2      | Reached XP level 6. HP: 35/51 MP: 5/5
   991 | D:2      | Reached ** piety under Trog
  1183 | D:2      | Noticed Natasha
  1193 | D:2      | Killed Natasha
  1669 | D:3      | You fall into a shaft and drop 3 floors!
  1675 | D:5      | Entered Level 5 of the Dungeon
  1989 | D:6      | Reached skill level 9 in Axes
  2135 | D:5      | Noticed Pikel
  2140 | D:5      | Killed Pikel
  2141 | D:5      | Reached skill level 11 in Axes
  2141 | D:5      | Reached XP level 7. HP: 57/57 MP: 6/6
  2208 | D:5      | Found a runed translucent door.
  2783 | D:3      | Found a shadowy altar of Dithmenos.
  2783 | D:3      | Found a radiant altar of Vehumet.
  2835 | D:4      | Reached XP level 8. HP: 64/64 MP: 7/7
  2914 | D:4      | Reached skill level 12 in Axes
  2960 | D:4      | Noticed Robin
  2966 | D:4      | Killed Robin
  4384 | D:5      | Noticed lis82's ghost (novice DgIE)
  4434 | D:6      | Reached *** piety under Trog
  4435 | D:6      | Reached skill level 13 in Axes
  4864 | D:6      | Found Arua's Assorted Antiques.
  4910 | D:6      | Bought a dented soapstone amulet for 150 gold pieces
  4970 | D:6      | Noticed Duvessa
  4973 | D:6      | Noticed Dowan
  4979 | D:6      | Killed Duvessa
  4981 | D:6      | Killed Dowan
  4982 | D:6      | Reached skill level 14 in Axes
  5100 | D:6      | Found a hide-covered altar of Uskayaw.
  5278 | D:6      | Reached XP level 9. HP: 70/70 MP: 8/8
  5487 | D:6      | Found a runed translucent door.
  5488 | D:6      | Noticed Crazy Yiuf
  5492 | D:6      | Killed Crazy Yiuf
  5833 | D:7      | Found a flagged portal.
  5849 | Bailey   | Entered a bailey
  5881 | Bailey   | Reached skill level 15 in Axes
  6047 | Bailey   | Found a bloodstained altar of Trog.
  6210 | D:7      | Reached **** piety under Trog
  6411 | D:7      | Found a shimmering blue altar of Sif Muna.
  6494 | D:7      | Reached skill level 16 in Axes
  6695 | D:7      | Found a staircase to the Ecumenical Temple.
  6820 | D:7      | Noticed Prince Ribbit
  6836 | D:7      | Killed Prince Ribbit
  7431 | D:8      | Reached skill level 17 in Axes
  7433 | D:8      | Reached XP level 10. HP: 50/77 MP: 9/9
  8460 | D:9      | Noticed a two-headed ogre
  8465 | D:9      | Killed a two-headed ogre
  8466 | D:9      | Reached skill level 18 in Axes
  8995 | D:9      | Found a broken altar of Ashenzari.
  9394 | D:9      | Reached skill level 19 in Axes
  9937 | D:9      | Found a sparkling altar of Nemelex Xobeh.
  9972 | D:9      | Found a snail-covered altar of Cheibriados.
 10105 | D:9      | Found a burning altar of Makhleb.
 10181 | D:10     | Entered Level 10 of the Dungeon
 10232 | D:10     | Found a staircase to the Orcish Mines.
 10346 | D:10     | Found a staircase to the Lair.
 10484 | D:10     | Found Babi's Magic Scroll Emporium.
 10489 | D:10     | Bought a scroll of identify for 22 gold pieces
 10489 | D:10     | Bought a scroll of identify for 22 gold pieces
 10489 | D:10     | Bought a scroll of vulnerability for 44 gold pieces
 10618 | D:10     | Found a glowing golden altar of the Shining One.
 10722 | D:10     | Reached XP level 11. HP: 76/82 MP: 10/10
 10722 | D:10     | Noticed a soul eater
 10741 | D:10     | Noticed a sixfirhy
 11217 | D:11     | Noticed a two-headed ogre
 11230 | D:11     | Killed a two-headed ogre
 11231 | D:11     | Reached skill level 20 in Axes
 11884 | D:11     | Found a runed translucent door.
 11886 | D:11     | Noticed NigelTetley's ghost (journeyman FeSh)
 11888 | D:11     | Identified the +10 spear of Inflation {elec, Int+7}
 11903 | D:11     | Identified the +0 chain mail of Nemelex Xobeh's Pride
                  | {rElec rC+}
 11929 | D:11     | Noticed a soul eater
 12320 | D:11     | Reached skill level 21 in Axes
 12469 | D:11     | Noticed a boulder beetle
 12482 | D:11     | Killed a boulder beetle
 12904 | D:11     | Noticed a boulder beetle
 12911 | D:11     | Killed a boulder beetle
 13641 | D:12     | Reached skill level 22 in Axes
 14042 | D:12     | Reached XP level 12. HP: 81/90 MP: 11/11
 14531 | D:12     | Reached skill level 23 in Axes
 15706 | Lair:1   | Entered Level 1 of the Lair of Beasts
 15727 | Lair:1   | Reached skill level 24 in Axes
 16329 | Lair:1   | Succumbed to a black mamba's poison

Illustrated notes

Levels and vault maps discovered:
D:1:      tarquinn_simple_flora_water_e, layout_rooms
D:2:      layout_basic, shapermc_ecumenical_altar_mp_ritualfount,
          minmay_pentomino_p2, uniq_jessica, uniq_sigmund, uniq_natasha
D:3:      layout_rooms, gammafunk_temple_overflow_statue, roderic_batcave
D:4:      layout_gridville, uniq_robin
D:5:      layout_basic, ebering_ghost_reflecting_pool, minmay_lizard_king,
          uniq_pikel
D:6:      layout_loops_ring, nicolae_uskayaw_dance_hall, serial_shops,
          nicolae_inconvenience_store, uniq_crazy_yiuf_cottage, uniq_duvessa
D:7:      layout_gridville, nicolae_sif_muna_condensation,
          minmay_temple_entry_mini_moons, enter_bailey_3,
          minmay_misc_feat_ornament, chequers_jeans, minmay_misc_feat_alley,
          uniq_prince_ribbit1
D:8:      layout_basic
D:9:      layout_basic, mainiacjoe_overflow_concentric_impassable, slow_altar_1,
          nicolae_overflow_hidden_temple, mainiacjoe_overflow_six_doors_small,
          hangedman_misty_isle
D:10:     layout_rooms, nicolae_tso_swordbearing_angel, dpeg_oklobed_lair,
          orc_0_dummy, serial_shops, nicolae_shop_just_a_little_nook,
          kennysheep_generic_room_2
D:11:     layout_layer_cave, ebering_ghost_funeral_grove,
          chequers_serial_rivers_micro_c
D:12:     layout_roguey, serial_undead, serial_undead_c, serial_undead_d,
          serial_undead_e, serial_undead_a, serial_undead_c, serial_undead_b,
          serial_undead_e, serial_undead_e
Lair:1:   layout_roguey, serial_bayou_pond_a

Skill      XL: |  1  2  3  4  5  6  7  8  9 10 11 12 |
---------------+-------------------------------------+-----
Axes           | 4 5 7 8 11 14 17 19 22 24 | 24.5
Fighting       | |  3.6
Armour         | |  2.4
Dodging        | |  2.1

Action                     |  1- 3 |  4- 6 |  7- 9 | 10-12 || total
---------------------------+-------+-------+-------+-------++-------
  Melee: Hand axe          |    42 |       |       |       ||    42
         Headbutt          |     7 |     8 |    19 |    63 ||    97
         Punch             |     1 |       |     2 |     3 ||     6
         Halberd           |       |    88 |   218 |       ||   306
         War axe           |       |       |    40 |   390 ||   430
 Invoke: Berserk           |     1 |     3 |     5 |     7 ||    16
         Trog's Hand       |       |     3 |     2 |     6 ||    11
         Brothers in Arms  |       |       |       |     1 ||     1
  Evoke: Wand              |       |       |       |     3 ||     3
    Use: Scroll            |       |     1 |     7 |     4 ||    12
         Potion            |       |       |     5 |     6 ||    11
 Armour: Animal skin       |    26 |       |       |       ||    26
         Chain mail        |     7 |    91 |   349 |   380 ||   827
  Dodge: Dodged            |    33 |    39 |   197 |   173 ||   442

Table legend: (Time is in decaauts)
 A = Elapsed time spent in this place.
 B = Non-inter-level travel time spent in this place.
 C = Inter-level travel time spent in this place.
 D = Time resting spent in this place.
 E = Time spent auto-exploring this place.
 F = Levels seen in this place.
 G = Mean time per level.
                   A        B        C        D        E       F      G
               +--------+--------+--------+--------+--------+-----+--------+
         Total |  16720 |  16177 |    543 |   5593 |   7519 |  14 | 1194.3 |
       Dungeon |  15726 |  15183 |    543 |   5162 |   7242 |  12 | 1310.5 |
          Lair |    631 |    631 |      0 |    300 |    226 |   1 |  631.0 |
        Bailey |    362 |    362 |      0 |    131 |     51 |   1 |  362.0 |
               +--------+--------+--------+--------+--------+-----+--------+

Top non-repeatable levels by time:
    D:11: 2672 daAuts
    D:12: 2037 daAuts
     D:9: 1908 daAuts
     D:7: 1478 daAuts
     D:4: 1350 daAuts
     D:6: 1250 daAuts
     D:5: 1225 daAuts
     D:8: 988 daAuts
    D:10: 858 daAuts
     D:2: 820 daAuts
  Lair:1: 631 daAuts
     D:1: 618 daAuts
     D:3: 517 daAuts
  Bailey: 362 daAuts
